AoeStats
← BenderCharls

MegaRandom

509481971Analyzed
3v3 RM · 7d ago on Sep 26, 2026· 57m 21s· 6 players
Game mode
Random Map
Map size
Normal (6 player)
Population
200
Speed
Normal
Resources
Standard
Victory
Conquest
Starting age
Dark Age
Ending age
Imperial Age
RankedLock teamsTeams togetherTeam positionsShared explorationLock speedFull tech treeHidden civsTurbo modeCheats
Victory
Defeat
🇦🇺 Franks · Australia
1063
+14
🇬🇧 Varangians · United Kingdom
1020
+16
🇹🇷 Inca · Türkiye
1000
+51
🇺🇸 Mongols · United States
1056
-16
🇺🇸 Magyars · United States
1044
-17
🇲🇽 Bohemians · Mexico
976
-21
Johnny Nutmeg
8:59 Loom
11:23 Feudal Age
12:26 Double-Bit Axe
16:28 Castle Age
14:26 Fishing Lines
16:12 Gold Mining
16:16 Stone Mining
16:18 Horse Collar
18:26 Bow Saw
25:06 Heavy Plow
25:54 Husbandry
27:11 Bloodlines
27:10 Scale Barding Armor
28:23 Wheelbarrow
27:49 Vendel Legacy
30:42 Forging
32:43 Hand Cart
33:40 Chain Barding Armor
33:56 Iron Casting
40:40 Imperial Age
40:43 Scale Mail Armor
40:47 Squires
40:33 Arson
40:34 Gambesons
42:18 Plate Barding Armor
41:13 Gothikon
42:52 Crop Rotation
43:14 Elite Varangian Guard
44:11 Chain Mail Armor
44:42 Cavalier
46:23 Conscription
47:32 Blast Furnace
47:04 Fervor
50:38 Siege Engineers
50:54 Ballistics
51:35 Chemistry
50:46 Masonry
54:22 Elite Longship
55:42 Fletching
Xyoke
4:56 Loom
14:08 Feudal Age
14:32 Horse Collar
18:24 Double-Bit Axe
19:34 Fishing Lines
23:05 Gold Mining
25:36 Wheelbarrow
26:53 Stone Mining
31:23 Castle Age
33:14 Pikeman
36:40 Heavy Plow
37:04 Bow Saw
45:49 Caravan
46:12 Forging
46:03 Scale Mail Armor
52:03 Stone Shaft Mining
52:04 Gold Shaft Mining
51:47 Hand Cart
53:37 Gillnets
BrazilianBad
2:00 Loom
13:36 Feudal Age
19:14 Castle Age
17:35 Double-Bit Axe
17:57 Gold Mining
18:03 Stone Mining
19:36 Pikeman
20:16 Squires
23:31 Town Watch
25:02 Wheelbarrow
26:24 Bow Saw
27:23 Fletching
30:56 Hand Cart
35:09 Imperial Age
33:24 Forging
33:20 Scale Barding Armor
34:07 Husbandry
35:45 Scale Mail Armor
36:24 Iron Casting
36:09 Chain Barding Armor
35:23 Cavalier
37:09 Gold Shaft Mining
40:17 Town Patrol
39:54 Paladin
44:10 Conscription
44:02 Halberdier
45:04 Chain Mail Armor
45:50 Blast Furnace
46:05 Arson
48:17 Chemistry
49:34 Ordonnance Companies
58:15 Plate Barding Armor
58:14 Plate Mail Armor
57:40 Bodkin Arrow
58:15 Ballistics
BenderCharls
7:30 Loom
13:48 Feudal Age
16:38 Fishing Lines
21:42 Castle Age
26:52 Husbandry
30:58 Light Cavalry
32:40 Double-Bit Axe
33:53 Ballistics
34:34 Chemistry
44:47 Gillnets
46:14 Scale Barding Armor
46:20 Forging
48:01 Bow Saw
47:33 Horse Collar
UndueMarker5275
8:52 Loom
11:09 Feudal Age
11:34 Double-Bit Axe
25:00 Castle Age
27:34 Light Cavalry
28:25 Bloodlines
28:15 Husbandry
30:37 Scale Barding Armor
34:28 Chain Barding Armor
34:52 Pikeman
38:28 Fletching
38:40 Padded Archer Armor
41:14 Bodkin Arrow
41:34 Leather Archer Armor
45:40 Wheelbarrow
45:57 Thumb Ring
46:02 Corvinian Army
47:47 Hand Cart
51:19 Imperial Age
49:57 Ballistics
51:52 Gold Mining
53:40 Parthian Tactics
53:25 Siege Engineers
53:45 Conscription
57:10 Plate Barding Armor
TrampyFlounder
5:58 Loom
11:09 Feudal Age
12:43 Double-Bit Axe
13:58 Wheelbarrow
21:02 Castle Age
21:21 Bloodlines
21:23 Gold Mining
21:17 Horse Collar
22:28 Husbandry
24:21 Scale Barding Armor
24:07 Fletching
33:11 Chain Barding Armor
32:48 Bodkin Arrow
33:36 Gold Shaft Mining
37:40 Imperial Age
36:05 Forging
40:20 Heavy Camel Rider
43:35 Town Watch
47:53 Ballistics
48:34 Chemistry
48:15 Iron Casting
47:43 Bracer
47:35 Elite Mangudai
49:55 Light Cavalry
Connection lost

Rejoining the realm…

Still unreachable

The connection could not be restored.

Session expired

The server has moved on; the page needs a fresh start.